 Dungeon Sprint DCSS version 0.16-a0-3807-g3748f16 (console) character file.

44 Monkaria the Slasher (level 3, -5/55 HPs)
             Began as a Hill Orc Fighter on Jan 27, 2015.
             Was an Initiate of Makhleb.
             Slain by an orc warrior
             ... wielding a +0 glaive
              (20 damage)
             ... in the Dungeon (Sprint IX: "|||||||||||||||||||||||||||||").
             The game lasted 00:01:03 (205 turns).

Monkaria the Slasher (Hill Orc Fighter)              Turns: 205, Time: 00:01:03

Health: -5/55      AC: 14    Str: 24    XL:     3   Next: 62%
Magic:  3/3        EV:  5    Int: 11    God:    Makhleb [......]
Gold:   0          SH:  9    Dex: 10    Spells: 0 memorised, 2 levels left

rFire  . . .     SeeInvis .     q - +2 scimitar (holy)
rCold  . . .     Clarity  .     t - +1 chain mail
rNeg   . . .     SustAb   .     c - +0 shield
rPois  .         Gourm    .     (no helmet)
rElec  .         Spirit   .     r - +0 cloak
rCorr  .         Warding  .     (no gloves)
rMut   .         NoTele   +     s - +0 pair of boots
MR     .....                    (no amulet)
Stlth  ..........               v - +3 ring of intelligence
                                u - +2 ring of protection

@: berserking (expiring), very quick, not resistant to hostile enchantments,
extremely unstealthy
A: no striking features
a: Renounce Religion


You were in the Dungeon.
You worshipped Makhleb.
Makhleb was noncommittal.
You were not hungry.

You visited 1 branch

Inventory:

Hand weapons
 p - the +1 broad axe of Fedhas' Supremacy {antimagic, rPois+ MP-9 Dex+4 Stlth+}
   (You found it in the Dungeon)

   It disrupts the flow of magical energy around spellcasters and certain
   magical creatures (including the wielder).
   It affects your dexterity (+4).
   It protects you from poison.
   It affects your magic capacity (-9).
   It makes you more stealthy.
 q - a +2 scimitar of holy wrath (weapon)
Armour
 c - a +0 shield (worn)
 r - a +0 cloak (worn)
 s - a +0 pair of boots (worn)
 t - a +1 chain mail (worn)
Jewellery
 u - a +2 ring of protection (left hand)
 v - a +3 ring of intelligence (right hand)
Magical devices
 o - a wand of fire (7)
Scrolls
 k - 2 scrolls of blinking
 m - 3 scrolls of remove curse
 n - 2 scrolls of amnesia
Potions
 e - a potion of invisibility
 f - 5 potions of curing
 h - a potion of haste
 i - 4 potions of magic
 l - 2 potions of heal wounds
Comestibles
 d - a meat ration
 g - 2 chunks of flesh


   Skills:
 + Level 5.9 Fighting
 * Level 6.5 Long Blades
 - Level 3.2 Armour
 - Level 3.2 Shields


You had 2 spell levels left.
You didn't know any spells.

Dungeon Overview and Level Annotations

Branches:
Dungeon (1/1)

Altars:
Cheibriados
Dithmenos
Elyvilon
Fedhas
Gozag
Kikubaaqudgha
Makhleb
Nemelex Xobeh
Okawaru
Qazlal
Ru
Sif Muna
Trog
Vehumet
Xom
Yredelemnul
Zin
The Shining One
Beogh
Jiyva
Lugonu


Message History

You feel yourself moving faster!
You feel mighty! The bat hits you but does no damage.
The orc warrior hits you from afar with a glaive.
You closely miss the bat. The bat barely misses you.
Your chain mail prevents you from hitting the bat.
You block the bat's attack.
The orc warrior hits you but does no damage.
You slash the bat!
You kill the bat!
Makhleb accepts your kill.
The orc warrior hits you from afar with a glaive.
There is an open door to the Dungeon here.
You closely miss the orc warrior. The orc warrior hits you with a glaive!
* * * LOW HITPOINT WARNING * * *
You slash the orc warrior!
The orc warrior is moderately wounded.
You hit the orc warrior.
The orc warrior is heavily wounded.
The orc warrior hits you with a glaive!!
You die...

▓+▓
▓.▓
▓o▓
▓F▓
▓o▓
▓r▓
▓o▓
▓@▓
▓[▓
▓.▓
▓.▓
▓.▓
▓.▓
▓)▓
▓|▓
▓.▓


You could see an orc warrior, a giant frog, 2 orcs and a rat.

Vanquished Creatures
  An iguana (D)
  A worm (D)
  An adder zombie (D)
  An orc (D)
  2 bats (D)
  A giant cockroach (D)
  2 goblins (D)
  2 hobgoblins (D)
11 creatures vanquished.

Notes
Turn   | Place    | Note
--------------------------------------------------------------
     0 | D        | Monkaria, the Hill Orc Fighter, began the quest for the Orb.
     0 | D        | Reached XP level 1. HP: 19/19 MP: 1/1
    15 | D        | Reached skill level 4 in Fighting
    21 | D        | Reached XP level 2. HP: 21/28 MP: 2/2
    97 | D        | Noticed an iguana
   103 | D        | Killed an iguana
   103 | D        | Reached skill level 5 in Fighting
   103 | D        | Reached skill level 5 in Long Blades
   103 | D        | Reached XP level 3. HP: 3/36 MP: 3/3
   108 | D        | Reached skill level 6 in Long Blades
   125 | D        | Found a glowing silver altar of Zin.
   125 | D        | Found a glowing golden altar of the Shining One.
   125 | D        | Found an ancient bone altar of Kikubaaqudgha.
   125 | D        | Found a basalt altar of Yredelemnul.
   125 | D        | Found a shimmering altar of Xom.
   125 | D        | Found a radiant altar of Vehumet.
   125 | D        | Found an iron altar of Okawaru.
   126 | D        | Found a burning altar of Makhleb.
   127 | D        | Found a deep blue altar of Sif Muna.
   128 | D        | Found a bloodstained altar of Trog.
   129 | D        | Found a sparkling altar of Nemelex Xobeh.
   130 | D        | Found a white marble altar of Elyvilon.
   131 | D        | Found a roughly hewn altar of Beogh.
   132 | D        | Found a viscous altar of Jiyva.
   133 | D        | Found a corrupted altar of Lugonu.
   134 | D        | Found a blossoming altar of Fedhas.
   135 | D        | Became a worshipper of Makhleb the Destroyer
   136 | D        | Found a snail-covered altar of Cheibriados.
   137 | D        | Found a shadowy altar of Dithmenos.
   138 | D        | Found a stormy altar of Qazlal.
   139 | D        | Found an opulent altar of Gozag.
   140 | D        | Found a sacrificial altar of Ru.
   158 | D        | Got the +1 broad axe of Fedhas' Supremacy {antimagic, rPois+ MP-9 Dex+4 Stlth+}
   196 | D        | Noticed a giant frog
   196 | D        | Noticed an orc warrior
   205 | D        | Slain by an orc warrior

Action                   || total
-------------------------++-------
Melee: Long sword        ||    31
       Scimitar          ||     7
  Use: Potion            ||     3
